 Dungeon Crawl Stone Soup version 0.30.0-19-g36f170ea60 (webtiles) character file.

Game seed: 8167076481460534918

116 Groucho the Shooter (level 5, 0/41 HPs)
             Began as a Formicid Hunter on May 26, 2023.
             Slain by a hobgoblin (2 damage)
             ... on level 3 of the Dungeon.
             The game lasted 00:04:09 (2309 turns).

Groucho the Shooter (Formicid Hunter)               Turns: 2309, Time: 00:04:10

Health: 0/41       AC:  3    Str: 16    XL:     5   Next: 21%
Magic:  5/5        EV: 12    Int:  8    God:
Gold:   91         SH:  0    Dex: 19    Spells: 4/4 levels left

rFire   . . .        a - +0 shortbow
rCold   . . .        (no shield)
rNeg    . . .        c - +0 leather armour
rPois   .            (helmet unavailable)
rElec   .            (no cloak)
rCorr   .            (no gloves)
SInv    +            (no boots)
Will    .....        (no amulet)
Stlth   ++           (no ring)
HPRegen 0.26/turn    (no ring)
MPRegen 0.09/turn

%: no passive effects
@: no status effects
A: permanent stasis, dig shafts and tunnels, antennae 3, four strong arms
a: Dig, Shaft Self


You were on level 3 of the Dungeon.
You visited 1 branch of the dungeon, and saw 3 of its levels.

You collected 91 gold pieces.

Inventory:

Hand Weapons
 a - a +0 shortbow (weapon)
 d - a +3 short sword
Armour
 c - a +0 leather armour (worn)
Wands
 k - a wand of iceblast (4)
Scrolls
 b - 2 scrolls of immolation
 e - a scroll of fear {unknown}
 f - 4 scrolls of identify {unknown}
 g - a scroll of blinking {unknown}
 h - a scroll of enchant weapon {unknown}
 i - 2 scrolls of teleportation {unknown}
 j - a scroll of amnesia {unknown}


   Skills:
 + Level 3.1 Fighting
 * Level 5.0 Ranged Weapons
 + Level 1.9 Armour
 + Level 2.5 Dodging
 - Level 1.2 Stealth


You had 4 spell levels left.
You didn't know any spells.
Your spell library was empty.

Dungeon Overview and Level Annotations

Branches:
Dungeon (3/15)

Altars:
Uskayaw

Annotations:
D:3 Sigmund


Innate Abilities, Weirdness & Mutations

You cannot be hasted, slowed, berserked, paralysed or teleported.
You can dig through walls and to a lower floor.
You have a pair of large antennae on your head. (SInv)
Your four strong arms can wield two-handed weapons with a shield.


Message History

You shoot an arrow. The arrow hits the goblin.
You kill the goblin!
No target in view!
No target in view!
No target in view!
No target in view!
Things that are here:
a +0 dagger of speed; a goblin corpse
There is a stone staircase leading down here.
You sense a monster nearby.
No target in view!
No target in view!
Sigmund the Dreaded comes into view.
He is wielding a +2 heavy scythe and carrying a wand of flame (7).
Sigmund moves out of view.
Sigmund and a hobgoblin come into view.
Sigmund is wielding a +2 heavy scythe and carrying a wand of flame (7).
Found a cyan potion.
You shoot an arrow. The arrow closely misses the hobgoblin.
You shoot an arrow. The arrow hits Sigmund.
Sigmund is moderately wounded.
You shoot an arrow. The arrow closely misses Sigmund.
Sigmund hits you from afar with a +2 heavy scythe!!
Ouch! That really hurt!
You are too injured to fight recklessly!
You are too injured to fight recklessly!
The hobgoblin attacks as you move away! The hobgoblin barely misses you.
Sigmund casts a spell at you. The magic dart hits you!
* * * LOW HITPOINT WARNING * * *
You see here 6 gold pieces.
The hobgoblin attacks as you move away! The hobgoblin barely misses you.
Sigmund zaps a wand.
The puff of flame hits you!
* * * LOW HITPOINT WARNING * * *
You aren't carrying any potions.
Unknown command.
Unknown command.
You aren't carrying any potions.
You aren't carrying any potions.
The hobgoblin attacks as you move away! The hobgoblin hits you.
You die...

####. #. # .# #† .
#.# #. #. #.# .. #.
#.# #.##.. ..
#..###.#.. # ..
#..!#.#.. .#
#@#.#.###.#
#g..#.....## {#
##..#......### .#
#####.@......'. ..
#.....$......# #
#............## #
#.............# #
#........##...#.####
#......#.##...#.....


You could see Sigmund and a hobgoblin.

Vanquished Creatures
  5 adders
  4 worms
  A dart slug (D:1)
  4 ball pythons
  5 endoplasms
  3 giant cockroaches
  6 goblins
  5 hobgoblins
  6 kobolds
  4 quokkas (D:1)
  6 bats
  4 frilled lizards
  6 rats
59 creatures vanquished.

Notes
Turn   | Place    | Note
-------+----------+-------------------------------------------
     0 | D:1      | Groucho the Formicid Hunter began the quest for the Orb.
     0 | D:1      | Reached XP level 1. HP: 16/16 MP: 1/1
   119 | D:1      | Reached XP level 2. HP: 23/23 MP: 2/2
   429 | D:1      | Reached skill level 1 in Armour
   429 | D:1      | Reached XP level 3. HP: 16/28 MP: 3/3
  1145 | D:2      | Reached XP level 4. HP: 23/34 MP: 4/4
  1643 | D:2      | Found a hide-covered altar of Uskayaw.
  1971 | D:3      | Reached XP level 5. HP: 28/41 MP: 5/5
  2237 | D:3      | Reached skill level 5 in Ranged Weapons
  2298 | D:3      | Noticed Sigmund
  2307 | D:3      | HP: 1/41 [Sigmund/puff of flame (11)]
  2309 | D:3      | Slain by a hobgoblin

Illustrated notes

Levels and vault maps discovered:
D:1:      minmay_arrival_arboretum_large, layout_basic
D:2:      wander_river, layout_rooms, basic_altar
D:3:      layout_basic, nemelex_xobeh_ov_fountains_minmay,
          hellmonk_guarded_unrand_hermit, uniq_sigmund

Skill      XL: |  1  2  3  4  5 |
---------------+----------------+-----
Dodging        | 2 |  2.5
Armour         | 1 |  1.9
Fighting       | 3 |  3.1
Ranged Weapons | 5 |  5.0
Stealth        | |  1.2

Action                     |  1- 3 |  4- 6 || total
---------------------------+-------+-------++-------
   Fire: Shortbow          |    77 |    85 ||   162
 Armour: Leather armour    |     7 |    11 ||    18
  Dodge: Dodged            |    23 |    15 ||    38
